 Dungeon Crawl Stone Soup version 0.31.0-11-ge490571c62 (webtiles) character file.

Game seed: 405980787069764074

179 qw the Skirmisher (level 5, -1/29 HPs)
             Began as a Deep Elf Hunter on Feb 4, 2024.
             Slain by an orc wizard
             ... wielding a +0 dagger
              (3 damage)
             ... on level 4 of the Dungeon.
             The game lasted 00:00:09 (2184 turns).

qw the Skirmisher (Deep Elf Hunter)                 Turns: 2184, Time: 00:00:09

Health: -1/29      AC: 11    Str: 10    XL:     5   Next: 33%
Magic:  7/7        EV: 11    Int: 14    God:
Gold:   147        SH:  0    Dex: 18    Spells: 4/4 levels left

rFire   + . .        a - +0 shortbow
rCold   . . .        (shield currently unavailable)
rNeg    . . .        g - +0 ring mail
rPois   .            b - +0 helmet
rElec   .            (no cloak)
rCorr   .            (no gloves)
SInv    .            i - +0 pair of boots
Will    .....        (no amulet)
Stlth   +            j - +4 ring of protection
HPRegen 0.24/turn    e - ring of protection from fire
MPRegen 0.10/turn

%: no passive effects
@: no status effects
A: no striking features
a: no special abilities


You were on level 4 of the Dungeon.
You visited 1 branch of the dungeon, and saw 4 of its levels.

You collected 147 gold pieces.


   Skills:
 - Level 1.5 Fighting
 + Level 8.6 Ranged Weapons
 - Level 3.0 Dodging
 - Level 1.2 Stealth


You had 4 spell levels left.
You didn't know any spells.
Your spell library was empty.

Inventory:

Hand Weapons
 a - a +0 shortbow (weapon)
Armour
 b - a +0 helmet (worn)
 g - a +0 ring mail (worn)
 i - a +0 pair of boots (worn)
Jewellery
 c - a ring of flight
 e - a ring of protection from fire (right hand)
 j - a +4 ring of protection (left hand)
 Y - a +6 ring of strength
Potions
 d - a potion of invisibility {unknown}

Dungeon Overview and Level Annotations

Branches:
Dungeon (4/15)
 Temple: D:4-7

Altars:
Makhleb

Shops:
D:2 [


Message History

Something barely misses you. Something hits you but does no damage.
You shoot an arrow.
Something hits you but does no damage. x2
You shoot an arrow. Something hits you. Something hits you but does no damage.
You shoot an arrow.
Something hits you but does no damage. x3; Something hits you.
You shoot an arrow.
You feel less confused.
Something hits you but does no damage. x2
You shoot an arrow.
Something hits you but does no damage. x2
You shoot an arrow. Something hits you but does no damage. Something hits you.
You shoot an arrow. Something hits you but does no damage. Something hits you.
You shoot an arrow.
Something hits you but does no damage. x2
You shoot an arrow. Something hits you but does no damage.
You hear some strange, mumbled words.
A magic dart appears from out of thin air!
The magic dart hits you but does no damage.
You shoot an arrow.
Something hits you but does no damage. x2
You shoot an arrow.
Something hits you but does no damage. x2
You shoot an arrow. Something hits you.
You hear some strange, mumbled words.
Something tries to affect you, but you resist.
You hear some strange, mumbled words.
A puff of flame appears from out of thin air!
The puff of flame hits you but does no damage.
Something hits you but does no damage.
You shoot an arrow. Something hits you. Something barely misses you.
You shoot an arrow. Something hits you.
You die...

..#### .. ###.
#....# ..
..####...
#...#...#
<.......###......#
........#..<# .#
.......#.####...
......#........
#.#...........
#.${@....[....
......{..........
.....)...........
.................
..>).#)#.........
..###..#.####..##
# .#.#.. ...#
.##.#.. ..#


There were no monsters in sight!

Vanquished Creatures
  An orc wizard (D:3)
  7 adders
  3 dart slugs
  3 ribbon worms
  7 orcs
  3 bats (D:1)
  An endoplasm (D:2)
  4 giant cockroaches
  8 goblins
  5 hobgoblins
  8 quokkas
  7 ball pythons
  3 frilled lizards
  7 kobolds
  7 rats
74 creatures vanquished.

Notes
Turn   | Place    | Note
-------+----------+-------------------------------------------
     0 | D:1      | qw the Deep Elf Hunter began the quest for the Orb.
     0 | D:1      | Reached XP level 1. HP: 12/12 MP: 3/3
     0 | D:1      | 0 ||| qw: Version: 0.3-a-160-g6735b56
     0 | D:1      | 0 ||| qw: Game counter: 4899
     0 | D:1      | 0 ||| qw: Melee chars always use a shield: true
     0 | D:1      | 0 ||| qw: God list: Okawaru
     0 | D:1      | 0 ||| qw: Allow faded altars: false
     0 | D:1      | 0 ||| qw: Do Orc after clearing Dungeon:15 true
     0 | D:1      | 0 ||| qw: Do second Lair branch before Depths: true
     0 | D:1      | 0 ||| qw: Lair rune preference: random
     0 | D:1      | 0 ||| qw: Goals: Normal
     0 | D:1      | 0 ||| PLANNING D:1-11
    36 | D:1      | Reached skill level 6 in Ranged Weapons
    36 | D:1      | Reached XP level 2. HP: 16/16 MP: 4/4
   559 | D:1      | Reached XP level 3. HP: 20/20 MP: 5/5
   630 | D:1      | 630 ||| UPGRADING to +6 ring of strength.
   631 | D:1      | 631 ||| DROPPING scroll of butterflies.
   711 | D:2      | HP: 4/20 [poisoned by an adder]
   715 | D:2      | HP: 1/20 [poisoned by an adder]
   728 | D:2      | 728 ||| FLEEEEING.
   729 | D:2      | 729 ||| FLEEEEING.
   734 | D:2      | 734 ||| FLEEEEING.
   830 | D:2      | Reached skill level 7 in Ranged Weapons
   895 | D:2      | Found a burning altar of Makhleb.
  1146 | D:2      | Reached XP level 4. HP: 25/25 MP: 6/6
  1229 | D:2      | Found Vyxon's Antique Armour Shop.
  1237 | D:2      | 1237 ||| SHOPLISTING glowing ring mail (168 gold, have 88).
  1237 | D:2      | 1237 ||| SHOPLISTING runed scale mail (168 gold, have 88).
  1237 | D:2      | 1237 ||| SHOPLISTING shiny ring mail (168 gold, have 88).
  1430 | D:2      | 1430 ||| UPGRADING to +0 helmet.
  1435 | D:2      | 1435 ||| UPGRADING to ring of protection from fire.
  1436 | D:2      | 1436 ||| READING 3 scrolls labelled IDUSHR LEPPUATO.
  1436 | D:2      | 1436 ||| IDENTIFYING scroll labelled RIMUCRICITZ
  1437 | D:2      | 1437 ||| DROPPING scroll of fog.
  1511 | D:3      | Reached skill level 8 in Ranged Weapons
  1551 | D:3      | Reached skill level 3 in Dodging
  1630 | D:3      | Reached XP level 5. HP: 29/29 MP: 7/7
  2093 | D:3      | 2093 ||| UPGRADING to +0 ring mail.
  2103 | D:3      | 2103 ||| DROPPING +0 leather armour.
  2104 | D:3      | 2104 ||| UPGRADING to +0 pair of boots.
  2109 | D:3      | 2109 ||| UPGRADING to +4 ring of protection.
  2111 | D:3      | 2111 ||| READING 2 scrolls of identify.
  2111 | D:3      | 2111 ||| IDENTIFYING scroll labelled DYNUVU NICK
  2112 | D:3      | 2112 ||| READING scroll of identify.
  2112 | D:3      | 2112 ||| IDENTIFYING scroll labelled ERALOE DIHA
  2113 | D:3      | 2113 ||| DROPPING scroll of immolation.
  2114 | D:3      | 2114 ||| DROPPING scroll of vulnerability.
  2168 | D:4      | HP: 6/29 [something/puff of flame (4)]
  2173 | D:4      | HP: 6/29 [something (1)]
  2182 | D:4      | HP: 5/29 [something (1)]
  2183 | D:4      | HP: 2/29 [something (3)]
  2184 | D:4      | Slain by an orc wizard

Levels and vault maps discovered:
D:1:      dpeg_arrival_central, layout_loops_ring
D:2:      layout_loops_ring, serial_shops, nicolae_shop_waterfront, basic_altar,
          minmay_heptomino_d4
D:3:      layout_loops_ring
D:4:      layout_rooms, minmay_temple_entry_arrows, minmay_cut_off

Skill      XL: |  1  2  3  4 |
---------------+-------------+-----
Ranged Weapons | 6 7 8 |  8.6
Dodging        | 3 |  3.0
Fighting       | |  1.5
Stealth        | |  1.2

Action                     |  1- 3 |  4- 6 || total
---------------------------+-------+-------++-------
   Fire: Shortbow          |   108 |   145 ||   253
    Use: Scroll            |       |     3 ||     3
 Armour: Leather armour    |    16 |    14 ||    30
         Ring mail         |       |    61 ||    61
  Dodge: Dodged            |    15 |    31 ||    46

Table legend:
 A = Non-vault XP
 B = Vault XP
 C = Vault XP percentage of total XP
 D = Non-vault monster count
 E = Vault monster count
 F = Vault count percentage of total count
                 A         B        C        D         E       F
            +---------+---------+-------+---------+---------+-------
      Total |     236 |      21 |   8.2 |      70 |       4 |   5.4
            +---------+---------+-------+---------+---------+-------
        D:1 |      44 |       0 |   0.0 |      25 |       0 |   0.0
        D:2 |      59 |      19 |  24.4 |      14 |       3 |  17.6
        D:3 |     123 |       0 |   0.0 |      27 |       0 |   0.0
        D:4 |      10 |       2 |  16.7 |       4 |       1 |  20.0
            +---------+---------+-------+---------+---------+-------
